 Dungeon Crawl Stone Soup version 0.28.0-53-g5a82cb258f (webtiles) character file.

Game seed: 8125462479476316588

525 Descartes the Grasshopper (level 7, 0/50 HPs)
             Began as a Formicid Warper on June 13, 2022.
             Slain by a gnoll
             ... wielding a +0 spear
              (6 damage)
             ... on level 3 of the Dungeon.
             The game lasted 00:06:23 (3459 turns).

Descartes the Grasshopper (Formicid Warper)         Turns: 3459, Time: 00:06:25

Health: 0/50       AC: 11    Str: 18    XL:     7   Next: 47%
Magic:  12/12      EV:  5    Int: 12    God:
Gold:   222        SH:  0    Dex: 10    Spells: 13/13 levels left

rFire   . . .      SeeInvis +   a - +0 hand axe
rCold   . . .      Faith    .   (no shield)
rNeg    . . .      Spirit   .   i - +0 plate armour
rPois   +          Reflect  .   (helmet unavailable)
rElec   .          Harm     .   (no cloak)
rCorr   .          Rampage  .   (no gloves)
Will    .....                   (no boots)
Stlth   ..........              (no amulet)
HPRegen 0.16/turn               h - ring of poison resistance
MPRegen 0.13/turn               (no ring)

@: no status effects
A: permanent stasis, dig shafts and tunnels, antennae 3, four strong arms
a: Dig, Shaft Self


You were on level 3 of the Dungeon.
You visited 1 branch of the dungeon, and saw 3 of its levels.

You collected 222 gold pieces.

Inventory:

Hand Weapons
 a - a +0 hand axe (weapon)
Missiles
 b - 273 stones
 c - 3 boomerangs of dispersal (quivered)
 f - 5 poisoned darts
 k - 5 silver boomerangs
 l - a throwing net
 m - 3 atropa-tipped darts
Armour
 i - a +0 plate armour (worn)
Jewellery
 h - a ring of poison resistance (left hand)
Scrolls
 e - 2 scrolls of holy word
 g - 2 scrolls of immolation
 j - a scroll of brand weapon {unknown}
Potions
 d - a potion of berserk rage


   Skills:
 - Level 2.1 Fighting
 + Level 3.7 Axes
 - Level 1.0 Throwing
 + Level 3.6 Armour
 - Level 1.7 Dodging
 + Level 3.7 Shields
 + Level 3.9 Spellcasting
 + Level 4.0 Translocations


You had 13 spell levels left.
You didn't know any spells.
Your spell library contained the following spells:

 Spells                   Type           Power      Damage    Failure   Level
 Gell's Gravitas          Tloc           12%        N/A       99%         3
 Lesser Beckoning         Tloc           12%        N/A       99%         3
 Teleport Other           Tloc           12%        N/A       99%         3
 Ignite Poison            Fire/Tmut/Pois 2%         N/A       100%        3
 Spider Form              Tmut/Pois      2%         N/A       100%        3
 Olgreb's Toxic Radiance  Pois           2%         N/A       100%        4
 Manifold Assault         Tloc           12%        N/A       100%        5
 Blink                    Tloc           Unusable   N/A       N/A         2

Dungeon Overview and Level Annotations

Branches:
Dungeon (3/15)

Altars:
Kikubaaqudgha


Innate Abilities, Weirdness & Mutations

You cannot be hasted, slowed, berserked, paralysed or teleported.
You can dig through walls and to a lower floor.
You have a pair of large antennae on your head. (SInv)
Your four strong arms can wield two-handed weapons with a shield.


Message History

As you read the scroll labelled SUASOUFAWUWK, it crumbles to dust.
The creatures around you are filled with an inner flame!
It was a scroll of immolation.
The kobold brigand barely misses you.
The kobold brigand hits you but does no damage.
The kobold brigand throws a curare-tipped dart.
The curare-tipped dart barely misses you.
There is a large open door here.
The kobold brigand throws a curare-tipped dart.
The curare-tipped dart hits you.
Things that are here:
a +0 club; a gnoll skeleton The kobold brigand throws a curare-tipped dart.
The curare-tipped dart hits you.
The kobold brigand throws a curare-tipped dart.
The curare-tipped dart hits you.
You have difficulty breathing.
* * * LOW HITPOINT WARNING * * *
Your stasis prevents you from being slowed.
You aren't carrying any items that you can evoke.
Throw: 5 boomerangs (disperse)
Press: ? - help, Q - select action, (/) - cycle Shift-Dir - straight line You can't see that place. [the floor.]
You can't see that place.
Okay, then.
Throw: 5 boomerangs (disperse)
Press: ? - help, Q - select action, (/) - cycle Shift-Dir - straight line, f - kobold brigand
Aim: a kobold brigand, wielding a +0 dagger and quivering curare-tipped darts (moderately wounded, inner flame, 47% to hit)
You throw a boomerang of dispersal.
The boomerang of dispersal hits the kobold brigand!
Flame seeps out of the kobold brigand.
The kobold brigand blinks!
The kobold brigand is heavily wounded.
The kobold brigand throws a curare-tipped dart.
The curare-tipped dart hits you.
Throw: 4 boomerangs (disperse)
Press: ? - help, Q - select action, (/) - cycle Shift-Dir - straight line, f - gnoll, p - kobold brigand
Aim: a gnoll, wielding a +0 spear (60% to hit)
You throw a boomerang of dispersal.
The boomerang of dispersal barely misses the gnoll.
The gnoll hits you from afar with a +0 spear.
You die...

####..........#......#......).)..
.......#########....#########.(..
.......))......#....#.......))...
.......#.......#....#.......#....
#################''##############
≈≈≈≈≈≈≈≈≈≈≈≈≈≈≈≈°K).≈≈≈≈≈≈≈≈≈≈≈≈≈
≈≈≈≈≈≈≈≈≈≈≈≈≈≈≈..g...≈≈≈≈≈≈≈≈≈≈≈≈
≈≈≈≈≈≈≈≈≈≈≈≈≈≈≈≈....≈≈≈≈≈≈≈≈≈≈≈≈≈
≈..≈≈≈≈.≈≈.≈.≈≈≈@.....≈≈.≈≈≈≈≈≈..
.................................
.................................
............K....................
.....###...###...#####..########.
##.......).....#.####....# #.
####..#..#####...........# #.
###..##.## ##.....#....## #.
.##.###.# ##.##........######.


You could see 2 kobold brigands and a gnoll.

Vanquished Creatures
  Grinder (D:3)
  Sigmund (D:3)
  A kobold brigand (D:2)
  5 gnolls
  An adder (D:2)
  2 dart slugs
  3 ball pythons
  4 endoplasms
  3 giant cockroaches
  3 goblins
  3 hobgoblins
  3 jackals (D:1)
  A quokka (D:3)
  5 bats
  2 frilled lizards
  25 kobolds
  A rat (D:1)
64 creatures vanquished.

Notes
Turn   | Place    | Note
-------+----------+-------------------------------------------
     0 | D:1      | Descartes the Formicid Warper began the quest for the Orb.
     0 | D:1      | Reached XP level 1. HP: 16/16 MP: 3/3
   187 | D:1      | Reached XP level 2. HP: 21/22 MP: 5/5
   496 | D:1      | Got the Volume of Poison
   564 | D:1      | Reached skill level 1 in Shields
   611 | D:1      | Reached XP level 3. HP: 25/27 MP: 6/6
  1478 | D:2      | Reached skill level 3 in Translocations
  1822 | D:2      | Found a faded altar of an unknown god.
  1933 | D:3      | Noticed Sigmund
  2074 | D:2      | Reached XP level 4. HP: 33/33 MP: 7/7
  2150 | D:3      | Killed Sigmund
  2151 | D:3      | Reached XP level 5. HP: 23/38 MP: 9/9
  2151 | D:3      | Reached XP level 6. HP: 27/44 MP: 10/10
  2272 | D:3      | Found an ancient bone altar of Kikubaaqudgha.
  2351 | D:3      | Noticed Grinder
  2373 | D:3      | Killed Grinder
  2374 | D:3      | Reached XP level 7. HP: 50/50 MP: 10/12
  3159 | D:3      | Reached skill level 4 in Translocations
  3459 | D:3      | Slain by a gnoll

Illustrated notes

Levels and vault maps discovered:
D:1:      eino_arrival_druids_welcome, layout_basic,
          nicolae_concentric_dashed_squares_mild
D:2:      layout_loops_ring, hellmonk_ecumenical_altar_prayer_group
D:3:      minmay_goblin_kobold_castle, layout_rooms, overflow_temple_1_default,
          kennysheep_cluttered_room, uniq_sigmund, uniq_grinder

Skill      XL: |  1  2  3  4  5  6  7 |
---------------+----------------------+-----
Shields        | 1 2 3 |  3.7
Translocations | 3 4 |  4.0
Axes           | 3 |  3.7
Armour         | 2 3 |  3.6
Spellcasting   | 3 |  3.9
Fighting       | |  2.1
Throwing       | |  1.0
Dodging        | |  1.7

Action                   |  1- 3 |  4- 6 |  7- 9 || total
-------------------------+-------+-------+-------++-------
Melee: Hand axe          |   116 |    33 |   147 ||   296
       Punch             |       |       |     1 ||     1
Throw: Boomerang         |       |       |     2 ||     2
  Use: Scroll            |     4 |     1 |     1 ||     6
       Potion            |       |     2 |       ||     2
Armor: Leather armour    |    21 |       |       ||    21
       Plate armour      |    56 |    22 |   118 ||   196
Dodge: Dodged            |    51 |     4 |    43 ||    98
